 Dungeon Crawl Stone Soup version 0.30.0-5-g1a98f26d00 (webtiles) character file.

Game seed: 324878178517311230

58 croobank the Chopper (level 4, -7/41 HPs)
             Began as a Hill Orc Monk on May 12, 2023.
             Mangled by an iguana (13 damage)
             ... on level 5 of the Dungeon.
             The game lasted 00:04:01 (1993 turns).

croobank the Chopper (Hill Orc Monk)                Turns: 1993, Time: 00:04:02

Health: -7/41      AC:  2    Str: 13    XL:     4   Next: 2%
Magic:  4/4        EV: 12    Int: 12    God:
Gold:   85         SH:  0    Dex: 13    Spells: 1/3 levels left

rFire   . . .        a - +0 hand axe
rCold   . . .        d - orb {light}
rNeg    . . .        b - +0 robe
rPois   .            (no helmet)
rElec   .            (no cloak)
rCorr   .            (no gloves)
SInv    .            (no boots)
Will    .....        (no amulet)
Stlth   +            (no ring)
HPRegen 0.26/turn    (no ring)
MPRegen 0.09/turn

%: no passive effects
@: glowing
A: no striking features
a: no special abilities


You were on level 5 of the Dungeon.
You visited 1 branch of the dungeon, and saw 4 of its levels.

You collected 85 gold pieces.

Inventory:

Hand Weapons
 a - a +0 hand axe (weapon)
Missiles
 l - 6 atropa-tipped darts (quivered)
Armour
 b - a +0 robe (worn)
 d - an orb of light (worn)
 f - a +0 leather armour
Jewellery
 o - a +5 ring of evasion
Scrolls
 e - 2 scrolls of identify
 k - 2 scrolls of fog {unknown}
 m - a scroll of teleportation {unknown}
Potions
 c - a potion of ambrosia
 g - a potion of mutation {unknown}
 h - 2 potions of brilliance {unknown}
 i - a potion of invisibility {unknown}
 j - a potion of degeneration {unknown}
 n - a potion of berserk rage {unknown}
 p - a potion of attraction {unknown}


   Skills:
 + Level 4.3 Fighting
 + Level 4.7 Axes
 + Level 2.9 Dodging
 + Level 0.2 Spellcasting
 - Level 0.4 Hexes
 - Level 0.2 Ice Magic
 * Level 0.1 Invocations


You had one spell level left.
You knew the following spells:

 Your Spells              Type           Power      Damage    Failure   Level
a - Ensorcelled Hibernat  Hex/Ice        2%         N/A       38%         2

Your spell library contained the following spells:

 Spells                   Type           Power      Damage    Failure   Level
 Spider Form              Tmut/Pois      0%         N/A       69%         3
 Anguish                  Hex/Necr       0%         N/A       96%         4


Dungeon Overview and Level Annotations

Branches:
Dungeon (3/15)

Altars:


Message History

The iguana is lightly wounded.
The iguana barely misses you.
Throw: 8 darts (atropa)
Press: ? - help, Q - select action, (/) - cycle Shift-Dir - straight line, f/p - iguana
Aim: an iguana (lightly wounded, haloed, 82% to hit, chance to blind on hit: 75%)
You throw an atropa-tipped dart. The atropa-tipped dart hits the iguana.
The iguana appears confused.
The iguana is lightly wounded.
The iguana barely misses you.
An iguana comes into view.
You catch the helpless iguana completely off-guard!
You hit the iguana.
The iguana is moderately wounded.
The iguana hisses angrily.
The iguana seems less confused.
The iguana closely misses you.
You hit the iguana.
The iguana is heavily wounded.
You barely miss the iguana.
The iguana is heavily wounded.
The iguana misses you.
Throw: 7 darts (atropa)
Press: ? - help, Q - select action, (/) - cycle Shift-Dir - straight line, f/p - iguana
Aim: an iguana (heavily wounded, blind, haloed, 82% to hit, chance to blind on hit: 75%)
Okay, then.
You barely miss the iguana.
The iguana is heavily wounded.
The iguana is no longer blind.
The iguana bites you!
* * * LOW HITPOINT WARNING * * *
Throw: 7 darts (atropa)
Press: ? - help, Q - select action, (/) - cycle Shift-Dir - straight line, f/p - iguana
Aim: an iguana (heavily wounded, haloed, 82% to hit, chance to blind on hit: 75%)
Okay, then.
Throw: 7 darts (atropa)
Press: ? - help, Q - select action, (/) - cycle Shift-Dir - straight line, f - iguana, p - iguana
Aim: an iguana (haloed, 82% to hit, chance to blind on hit: 75%)
You throw an atropa-tipped dart.
The atropa-tipped dart barely misses the iguana.
The atropa-tipped dart hits the iguana.
The iguana resists.
The iguana bites you!
You die...

..# #.# #.#
#.# #.# ##.##
###...#######
#............
#
#@#...#######
#.###>##l##.##
...(..(.l...#
#####.##.####
.. .....
###.##.### #
#.# ... ###


You could see 2 iguanas.

Vanquished Creatures
  3 adders (D:2)
  A worm (D:2)
  A dart slug (D:2)
  A ball python (D:2)
  5 bats
  2 endoplasms (D:2)
  2 goblins (D:1)
  3 hobgoblins
  3 kobolds
  3 frilled lizards
  4 rats
28 creatures vanquished.

Notes
Turn   | Place    | Note
-------+----------+-------------------------------------------
     0 | D:1      | croobank the Hill Orc Monk began the quest for the Orb.
     0 | D:1      | Reached XP level 1. HP: 19/19 MP: 1/1
   465 | D:1      | Reached XP level 2. HP: 27/27 MP: 2/2
  1135 | D:2      | Reached XP level 3. HP: 33/33 MP: 3/3
  1378 | D:2      | Learned a level 2 spell: Ensorcelled Hibernation
  1741 | D:2      | Reached XP level 4. HP: 41/41 MP: 4/4
  1966 | D:3      | You fall into a shaft and drop 2 floors!
  1966 | D:5      | Entered Level 5 of the Dungeon
  1993 | D:5      | Mangled by an iguana

Illustrated notes

Levels and vault maps discovered:
D:1:      dpeg_arrival_radiant, layout_basic, minmay_ruptured
D:2:      layout_loops_cross
D:3:      layout_basic, nicolae_ashenzari_panopticon
D:5:      layout_loops_ring, gammafunk_ghost_mausoleum, uniq_pikel

Skill      XL: |  1  2 |
---------------+-------+-----
Fighting       | 4 |  4.3
Axes           | |  4.7
Dodging        | |  2.9
Spellcasting   | |  0.2
Hexes          | |  0.4
Ice Magic      | |  0.2
Invocations    | |  0.1

Action                     |  1- 3 |  4- 6 || total
---------------------------+-------+-------++-------
  Melee: Hand axe          |    87 |    26 ||   113
  Throw: Dart              |       |     5 ||     5
    Use: Scroll            |     1 |       ||     1
   Stab: Invisible         |       |     2 ||     2
 Armour: Robe              |     9 |    14 ||    23
  Dodge: Dodged            |    63 |    17 ||    80
